 Dungeon Crawl Stone Soup version 0.23-b1-75-g379dba2534 (webtiles) character file.

Game seed: 8447310493284535212

102 Laan the Bolt Thrower (level 5, 0/32 HPs)
             Began as a Kobold Hunter on Feb 7, 2019.
             Slain by an orc wizard
             ... wielding a +0 dagger
              (1 damage)
             ... on level 2 of the Dungeon.
             The game lasted 00:02:12 (1979 turns).

Laan the Bolt Thrower (Kobold Hunter)               Turns: 1979, Time: 00:02:13

Health: 0/32       AC:  4    Str:  9    XL:     5   Next: 6%
Magic:  5/5        EV: 15    Int: 14    God:
Gold:   123        SH:  0    Dex: 15    Spells: 4/4 levels left

rFire    . . .     SeeInvis .   a - +1 hand crossbow
rCold    . . .     Gourm    .   (shield restricted)
rNeg     . . .     Faith    .   c - +0 leather armour
rPois    .         Spirit   .   (no helmet)
rElec    .         Reflect  .   l - +0 cloak
rCorr    .         Harm     .   (no gloves)
MR       .....                  (no boots)
Stlth    ++........             (no amulet)
HPRegen  0.10/turn              (no ring)
MPRegen  0.09/turn              (no ring)

@: no status effects
A: small, carnivore
a: no special abilities


You were on level 2 of the Dungeon.
You were very full.

You visited 1 branch of the dungeon, and saw 3 of its levels.

You collected 123 gold pieces.

Inventory:

Hand Weapons
 a - a +1 hand crossbow (weapon)
 b - a +0 short sword
Missiles
 d - 3 bolts (quivered)
Armour
 c - a +0 leather armour (worn)
 l - a +0 cloak (worn)
Scrolls
 e - a scroll of random uselessness {unknown}
 h - a scroll of magic mapping {unknown}
 j - 4 scrolls of identify {unknown}
 k - a scroll of enchant armour {unknown}
 n - 4 scrolls of teleportation {unknown}
 p - a scroll of amnesia {unknown}
Potions
 g - a potion of haste {unknown}
 m - a potion of magic {unknown}
 o - a potion of curing {unknown}
Comestibles
 f - 6 rations
 i - 6 chunks of flesh


   Skills:
 + Level 3.1 Fighting
 * Level 6.1 Crossbows
 + Level 3.5 Dodging
 - Level 1.3 Stealth


You had 4 spell levels left.
You didn't know any spells.
Your spell library was empty.

Dungeon Overview and Level Annotations

Branches:
Dungeon (3/15)

Altars:
The Shining One

Annotations:
D:3 Jessica


Innate Abilities, Weirdness & Mutations

You are small and have problems with some larger weapons.
You are carnivorous and can eat meat at any time.


Message History

You hit the orc wizard.
The orc wizard is moderately wounded.
The orc wizard mumbles some strange words.
The orc wizard blinks!
The orc wizard points at you and mumbles some strange words.
The magic dart hits you!
* * * LOW HITPOINT WARNING * * *
You hit the orc wizard but do no damage.
The orc wizard is moderately wounded.
The orc wizard points at you and mumbles some strange words.
The magic dart hits you!
* * * LOW HITPOINT WARNING * * *
The orc wizard closely misses you.
You barely miss the orc wizard.
The orc wizard is moderately wounded.
You feel yourself speed up.
The orc wizard hits you but does no damage.
a - a +1 hand crossbow (weapon)
The orc wizard hits you with a +0 dagger.
You die...

#..######..............
#..# #..###.####.###
#..######..# #.# #.#
#..#.......# #.# #.#
#..#.......# #.# #.#
#..#.......# #.# #.#
#...[......# #.# #.#
#.....o.).####.####.###
#.....@..>.............
###...........##.........
#.............##.........
#......####...##........)
#.#....# #...##.####.##.
#......# #...##.# #.##.
####.#..#########.####.##.
#...........(..........##.
###.##.###########.#######


You could see an orc wizard.

Vanquished Creatures
  2 worker ants (D:2)
  2 adders (D:2)
  2 dart slugs
  2 giant cockroaches
  5 goblins
  6 hobgoblins
  4 kobolds
  A ball python (D:1)
  3 bats (D:1)
  6 frilled lizards
  3 rats
36 creatures vanquished.

Notes
Turn   | Place    | Note
-------+----------+-------------------------------------------
     0 | D:1      | Laan the Kobold Hunter began the quest for the Orb.
     0 | D:1      | Reached XP level 1. HP: 12/12 MP: 1/1
    73 | D:1      | Reached skill level 5 in Crossbows
   105 | D:1      | Reached XP level 2. HP: 18/18 MP: 2/2
   678 | D:2      | Reached XP level 3. HP: 22/22 MP: 3/3
   778 | D:2      | Reached XP level 4. HP: 25/27 MP: 4/4
  1383 | D:2      | Reached skill level 6 in Crossbows
  1737 | D:2      | Reached XP level 5. HP: 32/32 MP: 5/5
  1810 | D:2      | Found a glowing golden altar of the Shining One.
  1956 | D:3      | Noticed Jessica
  1977 | D:2      | HP: 1/32 [orc wizard/magic dart (9)]
  1979 | D:2      | Slain by an orc wizard

Skill      XL: |  1  2  3  4 |
---------------+-------------+-----
Crossbows      | 5 6 |  6.1
Dodging        | 3 |  3.5
Fighting       | 3 |  3.1
Stealth        | |  1.3

Action                   |  1- 3 |  4- 6 || total
-------------------------+-------+-------++-------
Melee: Short sword       |       |    36 ||    36
 Fire: Hand crossbow     |    45 |    29 ||    74
  Eat: Chunk             |     7 |     4 ||    11
Armor: Leather armour    |     4 |    11 ||    15
Dodge: Dodged            |     8 |    32 ||    40
